 Dungeon Crawl Stone Soup version 0.20-a0-830-g2c9a30d (webtiles) character file.

29 kidcy the Skirmisher (level 3, 0/29 HPs)
             Began as a Demonspawn Monk on Mar 6, 2017.
             Slain by a gnoll
             ... wielding a +0 flail
              (1 damage)
             ... on level 2 of the Dungeon.
             The game lasted 00:03:09 (1233 turns).

kidcy the Skirmisher (Demonspawn Monk)              Turns: 1233, Time: 00:03:10

Health: 0/29       AC:  7    Str: 12    XL:     3   Next: 1%
Magic:  3/3        EV: 11    Int: 11    God:
Gold:   41         SH:  0    Dex: 15    Spells: 2/2 levels left

rFire    . . .     SeeInvis .   a - +0 mace
rCold    . . .     Gourm    .   k - +0 ring mail
rNeg     . . .     Faith    .   (no shield)
rPois    .         Spirit   .   (no helmet)
rElec    .         Reflect  .   (no cloak)
rCorr    .         Harm     .   (no gloves)
MR       .....                  (no boots)
Stlth    +.........             (no amulet)
Regen    0.1/turn               (no ring)
MPRegen  0.1/turn               (no ring)

@: no status effects
A: iridescent scales 1, powered by death 1
a: no special abilities


You were on level 2 of the Dungeon.
You were not hungry.

You visited 1 branch of the dungeon, and saw 2 of its levels.

You collected 41 gold pieces.

Inventory:

Hand Weapons
 a - a +0 mace (weapon)
Armour
 k - a +0 ring mail (worn)
Scrolls
 b - a scroll of immolation {unknown}
 d - 3 scrolls of remove curse {unknown}
 e - 3 scrolls of identify {unknown}
 f - a scroll of enchant weapon {unknown}
 j - a scroll of teleportation {unknown}
 o - a scroll of enchant armour {unknown}
Potions
 h - a potion of heal wounds {unknown}
 i - a potion of lignification {unknown}
 l - a potion of haste {unknown}
 m - a potion of resistance {unknown}
Comestibles
 c - a bread ration
 g - 2 royal jellies
 n - a meat ration


   Skills:
 + Level 3.3 Fighting
 * Level 3.1 Maces & Flails
 + Level 1.3 Armour
 - Level 2.6 Dodging
 - Level 1.7 Stealth


You had 2 spell levels left.
You didn't know any spells.

Dungeon Overview and Level Annotations

Branches:
Dungeon (2/15)

Altars:
Wu Jian


Innate Abilities, Weirdness & Mutations

You are partially covered in iridescent scales. (AC +2)
You regenerate a little health from kills.


Message History

You closely miss the gnoll.
The gnoll is heavily wounded.
The gnoll closely misses you. The gnoll hits you but does no damage.
You hit the gnoll but do no damage.
The gnoll is heavily wounded.
The gnoll misses you. The gnoll hits you. The gnoll closely misses you.
You barely miss the gnoll.
The gnoll is heavily wounded.
The gnoll hits you with a halberd. The gnoll closely misses you.
The gnoll hits you.
* * * LOW HITPOINT WARNING * * *
The gnoll hits you but does no damage.
You closely miss the gnoll.
The gnoll is heavily wounded.
The gnoll hits you but does no damage. The gnoll hits you with a halberd!
* * * LOW HITPOINT WARNING * * *
The gnoll hits you.
* * * LOW HITPOINT WARNING * * *
The gnoll barely misses you. The gnoll hits you with a flail.
You die...

#....###.#.....#..#
#....# #.#...#.#..#
#..... ......#.#..# ..
..#... #.#.#.#....# .
#..... #.#........# .
#.#..###.#........# K
#.......[#........#
####........##......##
............##.g@g..#
##..#.....# #..gg.....#
#...#.<##(#............#
....).....####.........#
..#.....### #.........#
....(...# #.........#
..#.....# #.........#
..#....## #.........#
###......#


You could see 4 gnolls.

Vanquished Creatures
  2 giant cockroaches
  2 goblins (D:1)
  4 hobgoblins
  2 jackals (D:1)
  7 kobolds
  A ball python (D:1)
  3 bats
  5 rats (D:1)
26 creatures vanquished.

Notes
Turn   | Place    | Note
-------+----------+-------------------------------------------
     0 | D:1      | kidcy the Demonspawn Monk began the quest for the Orb.
     0 | D:1      | Reached XP level 1. HP: 18/18 MP: 1/1
   540 | D:1      | Gained mutation: You are partially covered in iridescent scales. (AC +2) [demonic ancestry]
   540 | D:1      | Reached XP level 2. HP: 21/24 MP: 2/2
   763 | D:1      | Reached skill level 1 in Armour
  1157 | D:2      | Found an ornate altar of the Wu Jian Council.
  1191 | D:2      | Gained mutation: You regenerate a little health from kills. [demonic ancestry]
  1191 | D:2      | Reached XP level 3. HP: 29/29 MP: 3/3
  1233 | D:2      | HP: 1/29 [gnoll (1)]
  1233 | D:2      | Slain by a gnoll

Vault maps used:
D:1:      dpeg_arrival_shelter, minmay_tetromino_t2
D:2:      lemuel_doored_altar, old_standard_altar, old_standard_altar

Skill      XL: |  1  2 |
---------------+-------+-----
Maces & Flails | 3 |  3.1
Armour         | 1 |  1.3
Fighting       | |  3.3
Dodging        | |  2.6
Stealth        | |  1.7

Action                   || total
-------------------------++-------
Melee: Mace              ||    88
 Stab: Sleeping          ||     2
  Eat: Chunk             ||     1
Armor: Robe              ||    15
       Ring mail         ||    15
Dodge: Dodged            ||   104
